 Dungeon Crawl Stone Soup version 0.25-a0-73-g9796ba8d15 (webtiles) character file.

Game seed: 16224847928483167233, levelgen mode: deterministic

2299414 Wyvric the Hoplite (level 27, 213/261 HPs)
             Began as a Hill Orc Fighter on Nov 6, 2019.
             Was a High Priest of Beogh.
             Escaped with the Orb
             ... and 4 runes!
             The game lasted 05:32:39 (71871 turns).

Wyvric the Hoplite (Hill Orc Fighter)              Turns: 71871, Time: 05:32:39

Health: 213/261    AC: 39    Str: 29    XL:     27
Magic:  44/46      EV: 11    Int:  3    God:    Beogh [*****.]
Gold:   2151       SH: 34    Dex: 12    Spells: 11/28 levels left

rFire    + + +     SeeInvis +   a - +9 broad axe (freeze)
rCold    + + +     Gourm    .   H - +8 large shield {reflect}
rNeg     . . .     Faith    .   J - +9 gold dragon scales of Ziyqobaf {rPois rF+ rC+ rCorr Int-4 Slay+5}
rPois    +         Spirit   +   m - +2 helmet {SInv}
rElec    .         Reflect  +   I - +2 cloak of the Sun {rF+}
rCorr    +         Harm     .   w - +2 pair of gloves of the Gardener {rC++ MP+9 Dex+2}
MR       ++++.                  W - +2 pair of boots "Cemeaqy" {+Fly rF+}
Stlth    ..........             D - amulet of guardian spirit
HPRegen  0.53/turn              Y - ring of protection from magic
MPRegen  0.30/turn              U - ring of protection from magic

@: no status effects
A: walk on water, blurry vision 1, deformed body, dopey 1, weak 1
0: Orb of Zot
}: 4/15 runes: barnacled, slimy, silver, gossamer
a: Smiting, Recall Orcish Followers, Give Item to Named Follower, Renounce
Religion, Evoke Flight


You escaped.
You worshipped Beogh.
Beogh was extremely pleased with you.
You were full.

You visited 11 branches of the dungeon, and saw 55 of its levels.
You also visited: Trove, Sewer, Ice Cave and Volcano.

You collected 9316 gold pieces.
You spent 7165 gold pieces at shops.

Inventory:

Hand Weapons
 a - a +9 broad axe of freezing (weapon)
 b - a +9 antimagic morningstar
Missiles
 e - 44 silver javelins (quivered)
Armour
 m - a +2 helmet of see invisible (worn)
 w - the +2 pair of gloves of the Gardener (worn) {rC++ MP+9 Dex+2}
   (You found it in an ice cave)

   It affects your dexterity (+2).
   It greatly protects you from cold.
   It affects your magic capacity (+9).
 H - a +8 large shield of reflection (worn)
 I - the +2 cloak of the Sun (worn) {rF+}
   (You found it in a treasure trove)

   It protects you from fire.
 J - the +9 gold dragon scales of Ziyqobaf (worn) {rPois rF+ rC+ rCorr Int-4 Slay+5}
   (You found it in a treasure trove)

   It affects your intelligence (-4).
   It affects your accuracy and damage with ranged weapons and melee attacks
   (+5).
   It protects you from fire.
   It protects you from cold.
   It protects you from poison.
   It provides partial protection from all sources of acid and corrosion.
 W - the +2 pair of boots "Cemeaqy" (worn) {+Fly rF+}
   (You found it on level 3 of the Spider Nest)

   It protects you from fire.
   It lets you fly.
Jewellery
 D - an amulet of guardian spirit (around neck)
 L - the ring of Tiotsem {Wiz Str-5 Slay+6}
   (You found it on level 3 of the Elven Halls)

   [ring of wizardry]

   It improves your spell success rate.
   It affects your strength (-5).
   It affects your accuracy and damage with ranged weapons and melee attacks
   (+6).
 R - the ring "Oblimmarch" {Wiz rElec rN+ Dex+2}
   (You took it off a deep elf mage on level 3 of the Elven Halls)

   [ring of wizardry]

   It improves your spell success rate.
   It affects your dexterity (+2).
   It insulates you from electricity.
   It protects you from negative energy.
 U - a ring of protection from magic (right hand)
 Y - a ring of protection from magic (left hand)
Wands
 o - a wand of iceblast (23)
 q - a wand of disintegration (32)
 B - a wand of acid (16)
 F - a wand of scattershot (2)
 Q - a wand of digging (9)
 V - a wand of enslavement (18)
Scrolls
 c - a scroll of magic mapping
 j - a scroll of summoning
 k - 10 scrolls of immolation
 v - 26 scrolls of teleportation
 x - 4 scrolls of fog
 E - 5 scrolls of vulnerability
 M - 4 scrolls of silence
 O - 11 scrolls of identify
 P - 4 scrolls of holy word
 S - 8 scrolls of fear
 T - 11 scrolls of blinking
Potions
 d - 3 potions of might
 g - 3 potions of cancellation
 h - 2 potions of ambrosia
 i - 8 potions of flight
 l - 8 potions of heal wounds
 n - 3 potions of brilliance
 p - 4 potions of haste
 s - 3 potions of magic
 t - 14 potions of curing
 z - 3 potions of resistance
 A - 8 potions of lignification
 G - 11 potions of mutation
 K - 2 potions of agility
 N - 5 potions of berserk rage
 Z - a potion of invisibility
Miscellaneous
 r - a lamp of fire
 u - a phial of floods
 y - a fan of gales
 C - 3 boxes of beasts
 X - 8 phantom mirrors
Comestibles
 f - 43 rations


   Skills:
 + Level 24.1 Fighting
 - Level 18.0(19.8) Axes
 - Level 13.1(16.0) Maces & Flails
 - Level 16.0 Throwing
 - Level 17.0 Armour
 - Level 11.0 Dodging
 - Level 25.0 Shields
 - Level 1.0 Spellcasting
 - Level 10.0 Hexes
 - Level 6.0 Charms
 - Level 7.0 Translocations
 - Level 21.0 Invocations
 - Level 7.0 Evocations


You had 11 spell levels left.
You knew the following spells:

 Your Spells              Type           Power        Failure   Level  Hunger
a - Song of Slaying       Chrm           #.......     71%         2    ###....
k - Passage of Golubria   Tloc           N/A          99%         4    #####..
l - Spectral Weapon       Hex/Chrm       #.......     65%         3    ####...
n - Regeneration          Chrm/Necr      #.........   100%        3    ####...
p - Portal Projectile     Hex/Tloc       #.....       58%         3    ####...
q - Blink                 Tloc           N/A          56%         2    ###....

Your spell library contained the following spells:

 Spells                   Type           Power        Failure   Level  Hunger
 Confusing Touch          Hex            #.....       13%         1    ##.....
 Corona                   Hex            #......      13%         1    ##.....
 Slow                     Hex            #.......     21%         2    ###....
 Confuse                  Hex            #.......     36%         3    ####...
 Tukima's Dance           Hex            #.......     36%         3    ####...
 Apportation              Tloc           #.....       41%         1    ##.....
 Infusion                 Chrm           #...         56%         1    ##.....
 Shroud of Golubria       Chrm/Tloc      #.....       63%         2    ###....
 Cause Fear               Hex            #.........   78%         4    #####..
 Gell's Gravitas          Tloc           #.........   80%         3    ####...
 Lesser Beckoning         Tloc           #.........   80%         3    ####...
 Teleport Other           Tloc           #.......     80%         3    ####...
 Ensorcelled Hibernation  Hex/Ice        #.....       83%         2    ###....
 Dazzling Spray           Conj/Hex       #.....       97%         3    ####...
 Inner Flame              Hex/Fire       #.......     97%         3    ####...
 Swiftness                Chrm/Air       #.......     98%         2    ###....
 Recall                   Summ/Tloc      N/A          99%         3    ####...
 Animate Skeleton         Necr           N/A          100%        1    ##.....
 Magic Dart               Conj           #...         100%        1    ##.....
 Shock                    Conj/Air       #...         100%        1    ##.....
 Sting                    Conj/Pois      #...         100%        1    ##.....
 Summon Small Mammal      Summ           #...         100%        1    ##.....
 Call Imp                 Summ           #.......     100%        2    ###....
 Corpse Rot               Necr           N/A          100%        2    ###....
 Poisonous Vapours        Pois/Air       #.....       100%        2    ###....
 Searing Ray              Conj           #.....       100%        2    ###....
 Sublimation of Blood     Necr           #.........   100%        2    ###....
 Conjure Flame            Conj/Fire      #.......     100%        3    ####...
 Ignite Poison            Fire/Tmut/Pois #.......     100%        3    ####...
 Mephitic Cloud           Conj/Pois/Air  #.......     100%        3    ####...
 Static Discharge         Conj/Air       #.......     100%        3    ####...
 Airstrike                Air            #.........   100%        4    #####..
 Animate Dead             Necr           N/A          100%        4    #####..
 Force Lance              Conj/Tloc      #.......     100%        4    #####..
 Fulminant Prism          Conj/Hex       #.........   100%        4    #####..
 Ice Form                 Ice/Tmut       #.......     100%        4    #####..
 Iskenderun's Mystic Bla  Conj           #.......     100%        4    #####..
 Leda's Liquefaction      Hex/Erth       #.........   100%        4    #####..
 Olgreb's Toxic Radiance  Pois           #.......     100%        4    #####..
 Petrify                  Tmut/Erth      #.......     100%        4    #####..
 Agony                    Necr           #.......     100%        5    ######.
 Alistair's Intoxication  Tmut/Pois      #.......     100%        5    ######.
 Aura of Abjuration       Summ           #.........   100%        5    ######.
 Bolt of Draining         Conj/Necr      #.........   100%        5    ######.
 Bolt of Magma            Conj/Fire/Erth #.........   100%        5    ######.
 Borgnjor's Vile Clutch   Necr/Erth      #.........   100%        5    ######.
 Dispel Undead            Necr           #.......     100%        5    ######.
 Excruciating Wounds      Chrm/Necr      #.........   100%        5    ######.
 Fireball                 Conj/Fire      #.........   100%        5    ######.
 Irradiate                Conj/Tmut      #.........   100%        5    ######.
 Iskenderun's Battlesphe  Conj/Chrm      #.......     100%        5    ######.
 Lightning Bolt           Conj/Air       #.........   100%        5    ######.
 Metabolic Englaciation   Hex/Ice        #.........   100%        5    ######.
 Summon Demon             Summ           #.........   100%        5    ######.
 Summon Forest            Summ/Tloc      #.........   100%        5    ######.
 Summon Mana Viper        Hex/Summ       #.......     100%        5    ######.
 Venom Bolt               Conj/Pois      #.........   100%        5    ######.
 Yara's Violent Unravell  Hex/Tmut       #.........   100%        5    ######.
 Bolt of Cold             Conj/Ice       #.........   100%        6    #######
 Bolt of Fire             Conj/Fire      #.........   100%        6    #######
 Death Channel            Necr           #.........   100%        6    #######
 Dispersal                Tloc           #.........   100%        6    #######
 Freezing Cloud           Conj/Ice/Air   #.........   100%        6    #######
 Hydra Form               Tmut           #.........   100%        6    #######
 Iron Shot                Conj/Erth      #.........   100%        6    #######
 Ozocubu's Refrigeration  Ice            #.........   100%        6    #######
 Shadow Creatures         Summ           N/A          100%        6    #######
 Simulacrum               Ice/Necr       #.........   100%        6    #######
 Statue Form              Tmut/Erth      #........    100%        6    #######
 Dragon Form              Tmut           #.........   100%        7    #######
 Haunt                    Necr/Summ      #.........   100%        7    #######
 Orb of Destruction       Conj           #.........   100%        7    #######
 Ring of Flames           Chrm/Fire      #.........   100%        7    #######
 Spellforged Servitor     Conj/Summ      #.........   100%        7    #######
 Borgnjor's Revivificati  Necr           #.........   100%        8    #######
 Controlled Blink         Tloc           N/A          100%        8    #######
 Death's Door             Chrm/Necr      #.........   100%        8    #######
 Disjunction              Tloc           #.........   100%        8    #######
 Ignition                 Fire           #.........   100%        8    #######
 Infestation              Necr           #.........   100%        8    #######
 Necromutation            Tmut/Necr      #.........   100%        8    #######
 Shatter                  Erth           #.........   100%        9    #######


Dungeon Overview and Level Annotations

Branches:
Dungeon (15/15)            Temple (1/1) D:7            Lair (6/6) D:10
 Shoals (4/4) Lair:2       Spider (4/4) Lair:2        Slime (5/5) Lair:5
    Orc (2/2) D:10            Elf (3/3) Orc:2        Vaults (5/5) D:13
  Crypt (0/3) Vaults:3     Depths (5/5) D:15            Zot (5/5) Depths:5
  Sewer (visited)           IceCv (visited)         Volcano (visited)

Altars:
Ashenzari
Cheibriados
Dithmenos
Elyvilon
Fedhas
Gozag
Hepliaklqana
Kikubaaqudgha
Makhleb
Nemelex Xobeh
Okawaru
Qazlal
Ru
Sif Muna
Trog
Uskayaw
Vehumet
Wu Jian
Xom
Yredelemnul
Zin
The Shining One
Beogh
Jiyva

Shops:
D:5 (   D:6 *   D:7 **%!   D:12 [   Orc:1 (   Orc:2 [:??   Elf:1 [   Elf:2 *
Vaults:3 }[   Vaults:4 (   Vaults:5 =   Zot:4 *   Depths:1 [   Depths:2 !
Depths:3 *   Depths:5 (

Portals:
Hell: Depths:1 Depths:2 Depths:3 Depths:4 Depths:5
Abyss: Depths:2 Depths:4 Depths:5*
Pandemonium: Orc:2 Depths:3
Ziggurat: Depths:4

Annotations:
Shoals:1 1 runed translucent door, Movoyn's ghost, adept MiMo
Depths:3 2 runed translucent doors, Ylojog Gegg's ghost, adept GrMo
Zot:3 2 transporters, exclusion: orange crystal statue


Innate Abilities, Weirdness & Mutations

You can walk on water.
Scrolls take you a little longer to read.
Armour fits poorly on your strangely shaped body.
You are dopey. (Int -2)
You are weak. (Str -2)


Message History

Your orcs go into a battle-frenzy!
You swap places.
Blodwig is recalled.
Your orc knight is recalled.
Wargath roars a battlecry!
Your orcs go into a battle-frenzy!
Your orc knight hits the plant with a +0 flail!!
Bogwik hits the fungus with a +0 battleaxe!!
The fungus is destroyed!
Bogwik hits the fungus with a +0 battleaxe.
There is a staircase leading out of the dungeon here.
Boghold is recalled.
You finish recalling your allies.
Your orc knight hits the fungus with a +0 halberd!!!
Wargath roars a battlecry!
Boghold goes into a battle-frenzy!
Bogfrid misses something.
Blodwig hits the fungus with a +2 broad axe of electrocution!!!
The fungus is destroyed!
Your orc knight completely misses the plant.
You have escaped!

#.# ###'##.# #..
#1####P≈.P#.# #.#
#....#≈♣.♣#.# #.#
###&##PP..'.# #..
##o#♣..P### #.. #
##o.oo♣# #.. ######
##oo.o# ##. .....#
#oo♣≈# #. ####.# #@oP♣#
####. # #.# #####
####o# #.... #.#
#...###### ## #.##. #.#
#........# ###.##.
##.###.....##.# #...##.
#...###.....#.#
###......
###...##........#
#........
#...............#
#........
.........†......#######
#....)..#


You could see the friendly Arbolt the orc warlord, the friendly Blodwig the orc
warlord, the friendly Bogwik the orc warlord, the friendly Ognian the orc
warlord, the friendly Wargath the orc warlord, 2 friendly orc knights, the
friendly Bogfrid the orc knight, the friendly Dorog the orc knight and the
friendly Boghold the orc priest.

Vanquished Creatures
  the Royal Jelly (Slime:5)
  A pandemonium lord (D:10)
  5 orbs of fire
  6 ancient liches
  Bai Suzhen (Depths:3)
  A Killer Klown (Zot:5)
  A greater mummy (Depths:2)
  Saint Roka (Depths:3)
  The ghost of Sudaz the Slayer, a veteran MiGl of Okawaru (Vaults:2)
  A caustic shrike (Depths:4)
  8 golden dragons
  2 Tzitzimimeh
  A Hell Sentinel (D:10)
  2 liches (Vaults:5)
  21 tentacled monstrosities
  Asterion (Vaults:3)
  15 Orb Guardians
  5 quicksilver dragons
  14 acid blobs
  6 titans
  8 tengu reavers
  Agnes (D:14)
  5 sphinxes
  7 death cobs
  An Executioner (Zot:1)
  10 storm dragons
  9 shadow dragons
  Kirke (Spider:4)
  A revenant (Vaults:3)
  3 draconian monks
  8 deep elf sorcerers
  9 azure jellies
  5 ghost moths
  3 draconian scorchers
  An iron dragon (Depths:4)
  A cacodemon (Depths:3)
  2 balrugs
  Louise (Spider:1)
  4 fire giants
  2 draconian knights
  5 frost giants
  11 vault wardens
  A curse skull (Vaults:3)
  5 emperor scorpions (Spider:4)
  A deep elf elementalist (Vaults:4)
  2 draconian shifters
  A war gargoyle (Vaults:5)
  2 draconian stormcallers
  15 very ugly things
  13 ironheart preservers
  5 entropy weavers
  4 draconian annihilators
  8 green draconians
  14 stone giants
  2 vampire knights
  4 deep elf annihilators
  7 purple draconians
  6 deep elf demonologists
  Azrael (D:14)
  10 black draconians
  A lorocyproca (D:10)
  4 yellow draconians
  2 spark wasps (Depths:5)
  The ghost of Boj Zost the Severer, a journeyman MiBe of Trog (D:13)
  6 red draconians (Zot:3)
  7 white draconians
  A merfolk javelineer (Shoals:4)
  5 death oozes (Slime:5)
  2 blizzard demons
  15 ettins
  3 deep elf death magi (Elf:3)
  9 fire dragons
  5 merfolk impalers
  3 deep elf high priests
  10 great orbs of eyes
  10 yaktaur captains
  2 jiangshi
  Erolcha (Orc:1)
  5 rakshasas
  5 hydras
  8 ice dragons
  27 vault guards
  3 spriggan air magi
  A catoblepas (shapeshifter) (Vaults:5)
  14 two-headed ogres
  3 merfolk aquamancers (Shoals:4)
  A death knight (Vaults:5)
  An alligator snapping turtle (Shoals:4)
  5 merfolk avatars
  7 deep troll shamans
  8 centaur warriors
  8 ogre magi
  An orc high priest (Orc:2)
  A small abomination (Elf:3)
  3 hell hogs (D:15)
  2 vampire magi
  12 deep troll earth magi
  17 dancing weapons
  4 tengu warriors
  A titan zombie (Depths:2)
  4 spriggan berserkers
  A storm dragon zombie (Depths:2)
  8 hell knights
  5 sun demons
  11 deep elf knights
  8 skeletal warriors
  A soul eater (Depths:5)
  An iron troll (shapeshifter) (Vaults:2)
  A fire crab (shapeshifter) (Depths:4)
  A flayed ghost (Depths:4)
  21 deep trolls
  A shadow wraith (Vaults:1)
  9 sea snakes
  5 iron trolls
  2 large abominations
  6 wizards
  3 infernal demonspawn
  An orange crystal statue (Zot:5)
  An unseen horror (shapeshifter) (Depths:1)
  8 glowing orange brains
  An obsidian statue (Depths:5)
  6 orc knights
  6 deep elf archers
  2 harpies (shapeshifter)
  A necromancer (Vaults:4)
  5 phantasmal warriors
  23 harpies
  27 ugly things
  A tengu skeleton (Vaults:4)
  A stone giant zombie (Depths:2)
  7 ironbrand convokers
  27 wolf spiders
  5 orc sorcerers (Orc:2)
  17 orb spiders
  4 oklob plants
  A faun (Shoals:1)
  35 deep elf magi
  6 shining eyes
  A salamander (shapeshifter) (D:9)
  A frost giant skeleton (Vaults:4)
  26 moths of wrath
  A manticore (shapeshifter) (Depths:4)
  6 elephants
  A cyclops (Shoals:4)
  A guardian serpent (shapeshifter) (Vaults:2)
  11 manticores
  3 ice statues
  A black mamba (shapeshifter) (Depths:1)
  A torpor snail (Spider:4)
  7 vault sentinels
  9 spiny frogs
  Joseph (D:7)
  7 merfolk sirens
  3 eyes of devastation (Slime:5)
  A centaur zombie (D:15)
  A gargoyle (D:14)
  A naga mage (D:15)
  2 spectral swamp worms (Depths:2)
  4 water nymphs
  3 molten gargoyles (Volcano)
  3 orange demons
  A smoke demon (D:10)
  6 rime drakes
  5 efreet
  7 komodo dragons
  2 elf zombies (Depths:2)
  A komodo dragon (shapeshifter) (Vaults:4)
  A tormentor (D:10)
  3 guardian mummies (Depths:2)
  44 yaktaurs
  5 red devils
  4 freezing wraiths
  2 hellwings
  15 ice devils
  4 polar bears
  10 jumping spiders
  12 demonic crawlers
  2 tengu conjurers
  5 trolls
  2 polar bears (shapeshifter)
  18 merfolk
  A queen bee (D:9)
  15 hornets
  4 wind drakes
  86 slime creatures
  17 hippogriffs
  11 snapping turtles
  2 ettin zombies
  5 dream sheep
  A blink frog (shapeshifter) (Vaults:1)
  A frost giant simulacrum (Vaults:3)
  A spriggan zombie (Depths:2)
  11 water elementals
  An air elemental (Elf:3)
  A spriggan (shapeshifter) (Depths:3)
  42 redbacks
  2 vampires
  A redback (shapeshifter) (Vaults:5)
  4 spriggans
  26 tarantellas
  2 humans (shapeshifter)
  5 humans (D:13)
  9 golden eyes
  32 yaks
  5 wyverns
  3 fire elementals
  A golden eye (shapeshifter) (Vaults:4)
  A chaos spawn (Orc:2)
  3 basilisks
  A steam dragon (D:9)
  6 vampire mosquitoes
  4 wargs
  A redback simulacrum (D:13)
  A soldier ant (shapeshifter) (Vaults:3)
  2 acid dragons
  The ghost of PlumEater the Digger, an amateur GrEE (D:4)
  11 water moccasins
  2 hell hounds (D:14)
  7 porcupines
  An ice beast (D:12)
  3 black bears (Lair:2)
  13 orc warriors
  4 sky beasts
  A hornet zombie (D:14)
  11 eyes of draining
  An eye of draining (shapeshifter) (Depths:4)
  A necrophage (D:9)
  2 human zombies
  27 ogres
  3 phantoms
  8 boggarts
  17 centaurs
  A tengu (shapeshifter) (Vaults:3)
  15 wolves
  10 crocodiles
  A big kobold (Sewer)
  24 bullfrogs
  7 earth elementals
  An ogre simulacrum (Vaults:1)
  A scorpion (D:6)
  11 killer bees (D:9)
  5 wights
  4 electric eels
  3 howler monkeys
  13 crimson imps
  A lava snake (Depths:1)
  2 bullfrog zombies
  7 hounds
  9 jellies
  11 orc priests
  4 centaur skeletons
  An iron imp (Depths:5)
  13 orc wizards
  6 iguanas
  Natasha (twice) (D:2)
  5 worker ants
  A polar bear simulacrum (Lair:2)
  A hound zombie (D:5)
  5 mummies (Depths:2)
  A worker ant zombie (D:5)
  A howler monkey skeleton (D:10)
  13 adders
  4 shadow imps
  9 white imps
  7 ufetubi (IceCv)
  7 oozes
  2 adder zombies
  8 worms
  3 dart slugs
  15 leopard geckos
  34 orcs
  4 bats
  9 giant cockroaches
  8 goblins
  10 hobgoblins
  17 jackals
  5 quokkas
  A ball python (D:2)
  5 frilled lizards
  A jackal skeleton (D:5)
  8 kobolds
  A leopard gecko skeleton (D:6)
  2 quokka skeletons
  13 rats
  4 river rat simulacra (Lair:2)
  14 butterflies (Depths:3)
  A fire vortex (Depths:1)
  2 fungi
  14 plants
1842 creatures vanquished.

Vanquished Creatures (collateral kills)
  An orb of fire (Zot:5)
  3 ancient liches (Zot:5)
  Mara (Elf:3)
  Mennas (Depths:5)
  A juggernaut (Depths:4)
  Sojobo (Vaults:2)
  A Killer Klown (Zot:5)
  2 caustic shrikes (Depths:4)
  A golden dragon (Zot:5)
  2 electric golems (Zot:5)
  A tentacled monstrosity (Depths:4)
  12 Orb Guardians
  3 deep elf blademasters
  A quicksilver dragon (Depths:4)
  A titan (Vaults:5)
  2 deep elf master archers (Elf:3)
  2 acid blobs (Slime:5)
  A kraken (Shoals:1)
  A death cob (Zot:5)
  Frances (Elf:1)
  A sphinx (Vaults:3)
  2 tengu reavers
  An azure jelly (Slime:5)
  3 fire giants
  2 draconian scorchers (Zot:5)
  4 frost giants
  3 vault wardens
  3 deep elf sorcerers (Elf:3)
  An iron dragon (Vaults:5)
  A reaper (D:10)
  A balrug (D:10)
  2 draconian shifters
  A very ugly thing (Depths:3)
  A draconian annihilator (Zot:5)
  2 deep elf elementalists
  4 stone giants
  A caustic shrike skeleton (Depths:4)
  3 deep elf demonologists (Elf:3)
  An entropy weaver (Spider:3)
  3 ironheart preservers
  A green draconian (Depths:5)
  2 black draconians
  A red draconian (Depths:5)
  4 deep elf annihilators (Elf:3)
  2 yellow draconians (Zot:5)
  4 spark wasps
  A large abomination (Elf:3)
  3 purple draconians
  A white draconian (Depths:5)
  6 deep elf death magi
  3 merfolk javelineers (Shoals:4)
  5 ettins
  A blizzard demon (Depths:5)
  A merfolk impaler (Shoals:4)
  4 death oozes (Slime:5)
  6 fire dragons
  2 yaktaur captains
  2 ice dragons
  A vault guard (D:13)
  2 deep elf high priests (Elf:3)
  2 rakshasas
  5 great orbs of eyes
  5 hydras
  2 spriggan air magi (Depths:4)
  13 two-headed ogres
  A deep troll shaman (Depths:1)
  An alligator snapping turtle (Shoals:2)
  6 centaur warriors
  3 ogre magi
  A merfolk avatar (Shoals:2)
  16 dancing weapons
  3 deep troll earth magi
  A small abomination (Elf:3)
  3 spriggan berserkers
  A vampire mage (Depths:4)
  2 orc high priests
  7 deep elf knights
  A hell knight (Vaults:5)
  A sun demon (Depths:5)
  A skeletal warrior (D:15)
  2 unseen horrors (Vaults:1)
  7 deep trolls
  3 iron trolls
  A sea snake (Shoals:1)
  4 deep elf archers
  An infernal demonspawn (Orc:2)
  A torturous demonspawn (Orc:2)
  2 wizards
  6 orc knights
  14 harpies
  5 ironbrand convokers
  29 deep elf magi
  A necromancer (Lair:2)
  6 orb spiders
  4 manticores
  3 wolf spiders (Spider:2)
  2 cyclopes
  2 orc sorcerers
  8 ugly things
  A manticore (shapeshifter) (Depths:4)
  A faun (Shoals:1)
  A torpor snail (Spider:2)
  2 moths of wrath
  3 vault sentinels
  2 merfolk sirens
  4 elephants
  An orange demon (Depths:5)
  5 spiny frogs
  3 water nymphs
  2 black mambas (shapeshifter)
  4 black mambas
  3 centaur skeletons
  2 gargoyles
  2 rime drakes (Lair:6)
  18 yaktaurs
  An ice devil (Orc:2)
  3 spectral swamp worms (Depths:2)
  A demonic crawler (Spider:2)
  3 komodo dragons
  3 freezing wraiths
  An efreet (D:14)
  3 red devils
  5 merfolk
  2 hellwings (Depths:3)
  7 jumping spiders
  4 polar bears
  5 trolls
  5 hornets
  6 hippogriffs
  10 slime creatures
  2 dream sheep (Lair:6)
  A hippogriff (shapeshifter) (Depths:4)
  A vampire (D:12)
  3 spriggans
  2 air elementals (Elf:1)
  6 tarantellas
  16 yaks
  6 basilisks
  11 redbacks
  2 water elementals (Elf:3)
  A wraith (D:14)
  4 wyverns
  5 humans (D:13)
  2 fire elementals (D:14)
  2 hungry ghosts
  2 golden eyes
  A chaos spawn (Orc:2)
  A neqoxec (Orc:2)
  3 vampire mosquitoes
  4 wargs
  3 acid dragons
  6 water moccasins
  2 hell hounds (D:14)
  2 porcupines
  A hornet zombie (D:10)
  9 orc warriors
  4 ice beasts
  An eye of draining (D:10)
  2 boggarts
  2 phantoms
  5 wolves
  4 ogres
  8 centaurs
  4 crocodiles
  A crocodile (shapeshifter) (Vaults:1)
  8 bullfrogs
  An earth elemental (Elf:2)
  2 killer bees (D:9)
  3 wights
  An electric eel (D:9)
  5 crimson imps
  A hound (shapeshifter) (Vaults:5)
  2 bullfrog zombies
  A bullfrog skeleton (D:13)
  A hound (D:12)
  A jelly (Lair:5)
  6 orc priests
  An iron imp (Depths:5)
  3 orc wizards
  3 worker ants
  4 polar bear simulacra (Lair:2)
  A yak simulacrum (Lair:2)
  A worker ant zombie (D:11)
  2 adders
  A shadow imp (D:11)
  A white imp (Depths:5)
  2 oozes (Lair:5)
  A worm (D:9)
  10 orcs
  A river rat simulacrum (Lair:2)
  2 bushes
  2 butterflies (Depths:3)
  5 crawling corpses (Elf:3)
  16 fungi
  66 plants
  4 tentacles (Shoals:1)
707 creatures vanquished.

Vanquished Creatures (others)
  A caustic shrike (Depths:3)
  7 orc warlords
  An ice dragon (Depths:4)
  A centaur warrior (Depths:3)
  6 orc high priests
  A hell hog (D:15)
  A shadow wraith (Vaults:2)
  26 orc knights
  4 orc sorcerers
  37 orc warriors
  An orange demon (Depths:5)
  A centaur skeleton (D:14)
  4 yaktaurs
  A hippogriff (D:14)
  3 humans (Spider:4)
  24 orc priests
  2 crimson imps (Depths:5)
  17 orc wizards
  2 white imps (IceCv)
  2 ufetubi (IceCv)
  69 orcs
  A quokka (D:3)
  3 fire vortices (Volcano)
  2 fungi
  10 plants
  5 tentacles (Shoals:1)
232 creatures vanquished.

Grand Total: 2781 creatures vanquished

Notes
Turn   | Place    | Note
-------+----------+-------------------------------------------
     0 | D:1      | Wyvric the Hill Orc Fighter began the quest for the Orb.
     0 | D:1      | Reached XP level 1. HP: 19/19 MP: 1/1
    89 | D:1      | Reached XP level 2. HP: 26/26 MP: 2/2
   427 | D:1      | Reached XP level 3. HP: 31/31 MP: 3/3
   923 | D:2      | Noticed Natasha
   942 | D:2      | Killed Natasha
   942 | D:2      | Reached skill level 5 in Axes
   942 | D:2      | Reached XP level 4. HP: 35/39 MP: 4/4
  1077 | D:2      | Found a sparkling altar of Nemelex Xobeh.
  1725 | D:2      | Reached XP level 5. HP: 44/46 MP: 5/5
  1943 | D:2      | Found an iron altar of Okawaru.
  2192 | D:2      | Noticed Natasha
  2203 | D:2      | Killed Natasha
  2715 | D:3      | Found a white marble altar of Elyvilon.
  3124 | D:3      | Reached XP level 6. HP: 50/52 MP: 6/6
  3564 | D:4      | Reached skill level 4 in Shields
  3962 | D:4      | Found a shimmering blue altar of Sif Muna.
  3963 | D:4      | Noticed a phantom
  3980 | D:4      | Killed a phantom
  3980 | D:4      | Reached XP level 7. HP: 60/60 MP: 7/7
  4081 | D:4      | Found a runed translucent gate.
  4162 | D:4      | Found a stormy altar of Qazlal.
  4273 | D:4      | Found a runed translucent gate.
  4273 | D:4      | Identified the +1 scale mail "Buxtosi" {rN+}
  4273 | D:4      | Noticed PlumEater's ghost (amateur GrEE)
  4274 | D:4      | Found a runed translucent gate.
  4274 | D:4      | Identified the +6 great sword of Earthquakes {slice, *Slow
                  | +Rage Str+6}
  4280 | D:4      | Found a roughly hewn altar of Beogh.
  4285 | D:4      | Became a worshipper of Beogh the Brigand
  4380 | D:4      | Reached skill level 5 in Fighting
  4438 | D:4      | Killed PlumEater's ghost
  4556 | D:5      | Entered Level 5 of the Dungeon
  4797 | D:5      | Found Iguoptehe's Antique Weapon Emporium.
  4830 | D:5      | Bought a runed broad axe for 196 gold pieces
  4883 | D:5      | Reached skill level 1 in Dodging
  4883 | D:5      | Reached XP level 8. HP: 71/71 MP: 8/8
  5345 | D:6      | Reached * piety under Beogh
  5427 | D:6      | Found a glowing drain.
  5461 | Sewer    | Entered a sewer
  5578 | Sewer    | Found a white marble altar of Elyvilon.
  5724 | D:6      | Reached skill level 10 in Axes
  5870 | D:6      | Found Lemail's General Store.
  6019 | D:6      | Reached XP level 9. HP: 81/81 MP: 9/9
  6181 | D:6      | Reached ** piety under Beogh
  6181 | D:6      | Reached skill level 5 in Armour
  6181 | D:6      | Reached skill level 5 in Shields
  6343 | D:7      | Found Zokimniw's Food Emporium.
  6379 | D:7      | Found Awubaf's Distillery.
  6388 | D:7      | Bought a potion of agility for 48 gold pieces
  6388 | D:7      | Bought a potion of heal wounds for 60 gold pieces
  6388 | D:7      | Bought a potion of heal wounds for 60 gold pieces
  6388 | D:7      | Bought 2 potions of curing for 72 gold pieces
  6388 | D:7      | Bought a potion of lignification for 36 gold pieces
  6402 | D:7      | Found a staircase to the Ecumenical Temple.
  6530 | D:7      | Found Ohaafo's Assorted Antiques.
  6585 | D:7      | Found an opulent altar of Gozag.
  6614 | D:7      | Found Yzopn's General Store.
  6630 | D:7      | Bought a potion of berserk rage for 50 gold pieces
  6828 | D:7      | Noticed Joseph
  6845 | D:7      | Killed Joseph
  7008 | Temple   | Entered the Ecumenical Temple
  7190 | D:8      | Found a sacrificial altar of Ru.
  7193 | D:8      | Found a shimmering altar of Xom.
  7198 | D:8      | Found a blossoming altar of Fedhas.
  7294 | D:8      | Noticed a two-headed ogre
  7302 | D:8      | Reached skill level 6 in Shields
  7334 | D:8      | Reached XP level 10. HP: 88/88 MP: 10/10
  7397 | D:8      | Killed a two-headed ogre
  7451 | D:8      | Reached skill level 7 in Shields
  7748 | D:9      | Reached skill level 1 in Invocations
  7831 | D:9      | Noticed a centaur warrior
  7843 | D:9      | Killed a centaur warrior
  7843 | D:9      | Reached skill level 8 in Shields
  7940 | D:9      | Noticed a salamander
  7946 | D:9      | Reached *** piety under Beogh
  7956 | D:9      | Killed a salamander
  7995 | D:9      | Noticed a two-headed ogre
  8014 | D:9      | Killed a two-headed ogre
  8014 | D:9      | Reached skill level 9 in Shields
  8014 | D:9      | Reached XP level 11. HP: 90/94 MP: 14/14
  8050 | D:9      | Found an ornate altar of the Wu Jian Council.
  8229 | D:9      | Reached skill level 5 in Invocations
  8630 | D:9      | Got a pair of translucent gloves
  8671 | D:9      | Reached skill level 5 in Evocations
  8733 | D:9      | Reached **** piety under Beogh
  8943 | D:9      | Found a shadowy altar of Dithmenos.
  9026 | D:10     | Entered Level 10 of the Dungeon
  9026 | D:10     | Noticed a two-headed ogre
  9038 | D:10     | Killed a two-headed ogre
  9099 | D:10     | Noticed an oklob plant
  9134 | D:10     | Killed an oklob plant
  9206 | D:10     | Found a staircase to the Lair.
  9303 | D:10     | Noticed a two-headed ogre
  9306 | D:10     | Killed a two-headed ogre
  9351 | D:10     | Found a staircase to the Orcish Mines.
  9913 | D:11     | Noticed a red ugly thing
  9919 | D:11     | Killed a red ugly thing
  9946 | D:11     | Identified the -3 pair of gloves "Inteyvacw" {*Drain rN+
                  | rCorr Int+2} (You found it on level 9 of the Dungeon)
 10053 | D:11     | Found a runed translucent door.
 10054 | D:11     | Noticed a two-headed ogre
 10063 | D:11     | Killed a two-headed ogre
 10063 | D:11     | Reached XP level 12. HP: 104/104 MP: 17/17
 10105 | D:11     | Found a roughly hewn altar of Beogh.
 10477 | D:11     | Found a portal to a secret trove of treasure.
 10497 | D:11     | Reached skill level 10 in Shields
 10814 | D:12     | Reached ***** piety under Beogh
 11086 | D:12     | Found Jyechooc's Antique Armour Boutique.
 11417 | D:13     | Noticed a two-headed ogre
 11422 | D:13     | Killed a two-headed ogre
 11627 | D:13     | Noticed a tengu warrior
 11640 | D:13     | Killed a tengu warrior
 11736 | D:13     | Gained Argrim as an ally
 11963 | D:13     | Noticed a vault guard
 11970 | D:13     | Killed a vault guard
 11970 | D:13     | Reached skill level 10 in Fighting
 12039 | D:13     | Noticed a vault guard
 12045 | D:13     | Reached skill level 15 in Axes
 12049 | D:13     | Killed a vault guard
 12052 | D:13     | Found a gate to the Vaults.
 12242 | D:13     | Found a runed translucent door.
 12242 | D:13     | Identified the +9 spear of Sewyisch {holy, +Inv rC++ Int+3}
 12242 | D:13     | Noticed a spriggan rider
 12242 | D:13     | Noticed Boj Zost's ghost (journeyman MiBe)
 12272 | D:13     | Killed Boj Zost's ghost
 12314 | D:13     | Reached skill level 11 in Shields
 12700 | Lair:1   | Entered Level 1 of the Lair of Beasts
 12760 | Lair:1   | Reached XP level 13. HP: 109/114 MP: 19/19
 13464 | Lair:1   | Identified a scroll of acquirement
 13467 | Lair:1   | Got a smoking hat
 13478 | Lair:1   | Identified the +0 hat "Ykkargho" {Regen+ Str+4} (You
                  | acquired it on level 1 of the Lair of Beasts)
 13719 | Lair:2   | Found a hole to the Spider Nest.
 14115 | Lair:2   | Gained Orbeogh as an ally
 14212 | Lair:2   | Found a shimmering altar of Xom.
 14215 | Lair:2   | Found a staircase to the Shoals.
 14723 | Lair:3   | Reached ****** piety under Beogh
 14960 | Lair:3   | Reached skill level 5 in Dodging
 14960 | Lair:3   | Reached skill level 12 in Shields
 15678 | Lair:4   | Gained Ugrim as an ally
 15794 | Lair:4   | Found a dark tunnel.
 15808 | Volcano  | Entered a volcano
 16253 | Lair:4   | Reached XP level 14. HP: 126/126 MP: 20/20
 16971 | Lair:5   | Found a staircase to the Slime Pits.
 17214 | Lair:5   | Reached skill level 13 in Shields
 17906 | Lair:6   | Entered Level 6 of the Lair of Beasts
 18616 | Lair:6   | Reached skill level 14 in Shields
 19199 | D:12     | Bought a brightly glowing plate armour for 1008 gold pieces
 19209 | D:12     | Identified the +4 plate armour "Bich" {rC- Str+3 Int+7
                  | Stlth+} (You bought it in a shop on level 12 of the
                  | Dungeon)
 19597 | D:14     | Noticed Agnes
 19609 | D:14     | Killed Agnes
 19613 | D:14     | Reached skill level 15 in Shields
 19613 | D:14     | Reached XP level 15. HP: 93/132 MP: 14/21
 19628 | D:14     | Gained Beowulf as an ally
 19732 | D:14     | Noticed Azrael
 19742 | D:14     | Killed Azrael
 19744 | D:14     | Your ally Argrim died
 20376 | D:15     | Entered Level 15 of the Dungeon
 20640 | Orc:1    | Entered Level 1 of the Orcish Mines
 20647 | Orc:1    | Found Jesao's Weapon Emporium.
 20806 | Orc:1    | Noticed Erolcha
 20809 | Orc:1    | Killed Erolcha
 20809 | Orc:1    | Reached skill level 15 in Fighting
 21027 | Orc:2    | Entered Level 2 of the Orcish Mines
 21111 | Orc:2    | Found a roughly hewn altar of Beogh.
 21230 | Orc:2    | Found a roughly hewn altar of Beogh.
 21279 | Orc:2    | Found a staircase to the Elven Halls.
 21361 | Orc:2    | Found Zeenyt's Magic Scroll Shoppe.
 21362 | Orc:2    | Found Reffyul's Magic Scroll Emporium.
 21377 | Orc:2    | Reached skill level 10 in Invocations
 21457 | Orc:2    | Found Cifejigy's Antique Armour Shop.
 21457 | Orc:2    | Found a one-way gate leading to the halls of Pandemonium.
 21457 | Orc:2    | Found Umeol's Book Boutique.
 21514 | Orc:2    | Bought a scroll of blinking for 97 gold pieces
 21686 | Orc:2    | Bought a twisted chain mail for 332 gold pieces
 21696 | Orc:2    | Identified the +6 chain mail "Poasuosea" {MR+} (You bought
                  | it in a shop on level 2 of the Orcish Mines)
 21829 | Elf:1    | Entered Level 1 of the Elven Halls
 22083 | Elf:1    | Reached XP level 16. HP: 149/149 MP: 25/25
 22458 | Elf:1    | Noticed Frances
 22465 | Elf:1    | Killed Frances
 22809 | Elf:1    | Found Jiurial's Antique Armour Emporium.
 23100 | Elf:2    | Identified the +3 hand crossbow of Prudence {freeze, +Fly
                  | rElec rF+ Str-5} (You found it on level 2 of the Elven
                  | Halls)
 23155 | Elf:2    | Found Vessarol's Assorted Antiques.
 23161 | Elf:2    | Bought an ancient graven amulet for 185 gold pieces
 23161 | Elf:2    | Identified the amulet of Roaroys {Faith rF- Int+4 Dex+5}
                  | (You bought it in a shop on level 2 of the Elven Halls)
 23169 | Elf:2    | Found a frozen archway.
 23229 | IceCv    | Entered an ice cave
 23460 | IceCv    | Identified the +2 pair of gloves of the Gardener {rC++ MP+9
                  | Dex+2} (You found it in an ice cave)
 23779 | Elf:2    | Found a runed translucent gate.
 23780 | Elf:2    | Found a runed translucent gate.
 23781 | Elf:2    | Found a runed translucent gate.
 23945 | Elf:2    | Gained Ognian as an ally
 24772 | Elf:2    | Noticed a deep elf blademaster
 24780 | Elf:2    | Killed a deep elf blademaster
 24780 | Elf:2    | Reached skill level 15 in Invocations
 24804 | Elf:2    | Reached skill level 10 in Armour
 24804 | Elf:2    | Reached XP level 17. HP: 113/159 MP: 28/28
 25026 | Elf:3    | Entered Level 3 of the Elven Halls
 25191 | Elf:3    | Gained Bogric as an ally
 25464 | Elf:3    | Noticed a deep elf blademaster
 25476 | Elf:3    | Killed a deep elf blademaster
 25512 | Elf:3    | Your ally Orbeogh died
 25608 | Elf:3    | Noticed a deep elf master archer
 25618 | Elf:3    | Killed a deep elf master archer
 25655 | Elf:3    | Gained Bogward as an ally
 25714 | Elf:3    | Got a wavering bone ring
 25715 | Elf:3    | Identified the ring "Weamyg" {Ice *Corrode rPois Int+4
                  | Stlth-} (You found it on level 3 of the Elven Halls)
 25778 | Elf:3    | Got a flickering copper ring
 25781 | Elf:3    | Identified the ring of Tiotsem {Wiz Str-5 Slay+6} (You
                  | found it on level 3 of the Elven Halls)
 25813 | Elf:3    | Got a distressingly furry leather armour
 25826 | Elf:3    | Identified the +3 leather armour "Zukaissu" {+Blink Stlth+}
                  | (You found it on level 3 of the Elven Halls)
 25850 | Elf:3    | Got a fine scale mail
 25865 | Elf:3    | Identified the +1 scale mail "Qais" {rF- Regen+ SInv} (You
                  | found it on level 3 of the Elven Halls)
 25929 | Elf:3    | Noticed a deep elf blademaster
 25933 | Elf:3    | Noticed a deep elf master archer
 25937 | Elf:3    | Killed a deep elf blademaster
 25938 | Elf:3    | Gained Olfrun as an ally
 25942 | Elf:3    | Killed a deep elf master archer
 25946 | Elf:3    | Noticed Mara
 25954 | Elf:3    | Noticed Wyvric's illusion
 25954 | Elf:3    | Killed Mara
 26430 | Elf:3    | Identified the ring "Oblimmarch" {Wiz rElec rN+ Dex+2}
 26767 | Elf:1    | Bought an encrusted plate armour for 616 gold pieces
 26777 | Elf:1    | Identified the cursed +0 plate armour of Siffu {Int+4} (You
                  | bought it in a shop on level 1 of the Elven Halls)
 26897 | Orc:2    | Bought a scroll of acquirement for 676 gold pieces
 26897 | Orc:2    | Bought a scroll of enchant armour for 97 gold pieces
 26922 | Orc:2    | Bought a scroll of enchant armour for 105 gold pieces
 26922 | Orc:2    | Bought a scroll of enchant armour for 105 gold pieces
 26922 | Orc:2    | Bought a scroll of fog for 28 gold pieces
 26922 | Orc:2    | Bought a scroll of fear for 49 gold pieces
 26922 | Orc:2    | Bought a scroll of immolation for 49 gold pieces
 27082 | Shoals:1 | Entered Level 1 of the Shoals
 27247 | Shoals:1 | Learned a level 2 spell: Blink
 27251 | Shoals:1 | Learned a level 3 spell: Spectral Weapon
 27255 | Shoals:1 | Learned a level 3 spell: Regeneration
 27260 | Shoals:1 | Learned a level 4 spell: Passage of Golubria
 27263 | Shoals:1 | Learned a level 2 spell: Song of Slaying
 27346 | Shoals:1 | Reached skill level 1 in Hexes
 27372 | Shoals:1 | Noticed a kraken
 27438 | Shoals:1 | Killed a kraken
 27510 | Shoals:1 | Reached skill level 1 in Charms
 27526 | Shoals:1 | Found a runed translucent door.
 27526 | Shoals:1 | Found a shimmering altar of Xom.
 27526 | Shoals:1 | Noticed Movoyn's ghost (adept MiMo)
 27526 | Shoals:1 | Identified the +5 halberd of Stickiness {chaos, Str+6 Int+5
                  | Dex-4}
 27771 | Shoals:1 | Reached skill level 1 in Translocations
 28000 | Shoals:2 | Reached XP level 18. HP: 156/172 MP: 29/29
 28755 | Shoals:3 | Reached skill level 1 in Spellcasting
 29617 | Shoals:4 | Entered Level 4 of the Shoals
 29629 | Shoals:4 | Reached skill level 15 in Armour
 29636 | Shoals:4 | Reached skill level 5 in Hexes
 30339 | Shoals:4 | Got a barnacled rune of Zot
 30799 | Shoals:4 | Gained Boghold as an ally
 32987 | Spider:1 | Entered Level 1 of the Spider Nest
 33217 | Spider:1 | Got a ripped robe
 33228 | Spider:1 | Identified the cursed +1 robe of Classification {Str+6
                  | Int-3} (You found it on level 1 of the Spider Nest)
 33257 | Spider:1 | Noticed Louise
 33263 | Spider:1 | Killed Louise
 33966 | Spider:2 | Reached XP level 19. HP: 132/179 MP: 29/30
 34145 | Spider:2 | Gained Norbak as an ally
 34205 | Spider:2 | Your ally Norbak died
 34756 | Spider:2 | Gained Arbolt as an ally
 35660 | Spider:3 | Gained Marbaugh as an ally
 35966 | Spider:3 | Reached skill level 5 in Charms
 36392 | Spider:3 | Gained Orik as an ally
 36805 | Spider:3 | Got a pair of shimmering boots
 36816 | Spider:3 | Identified the +2 pair of boots "Cemeaqy" {+Fly rF+} (You
                  | found it on level 3 of the Spider Nest)
 37081 | Spider:4 | Entered Level 4 of the Spider Nest
 37586 | Spider:4 | Gained Orik as an ally
 37596 | Spider:4 | Noticed Kirke
 37602 | Spider:4 | Killed Kirke
 38458 | Spider:4 | Got a gossamer rune of Zot
 38655 | Spider:4 | Learned a level 3 spell: Portal Projectile
 40302 | D:15     | Reached skill level 1 in Throwing
 40555 | D:15     | Found a staircase to the Depths.
 40845 | Vaults:1 | Entered Level 1 of the Vaults
 41062 | Vaults:1 | Your ally Bogward died
 41221 | Vaults:1 | Reached XP level 20. HP: 159/187 MP: 32/32
 41729 | Vaults:1 | Reached skill level 5 in Throwing
 41753 | Vaults:1 | Identified the cursed +0 leather armour "Esicakiz" {rPois
                  | rF++ rN+ Dex-5} (You found it on level 1 of the Vaults)
 42637 | D:11     | You paid a toll of +4 ice dragon scales to enter a treasure
                  | trove
 42638 | Trove    | Entered a treasure trove
 42645 | Trove    | Got a pitted plate armour
 42647 | Trove    | Got a brightly glowing chain mail
 42654 | Trove    | Got a bloodstained cloak
 42656 | Trove    | Got fine gold dragon scales
 42658 | Trove    | Got a pair of crude boots
 42660 | Trove    | Got a heavily runed plate armour
 42666 | Trove    | Got a pair of dazzling boots
 42723 | D:11     | Identified the +1 pair of boots of Indemnity {+Blink rC-
                  | SInv Stlth-} (You found it in a treasure trove)
 42813 | D:11     | Identified the +2 cloak of the Sun {rF+} (You found it in a
                  | treasure trove)
 42814 | D:11     | Identified the +7 plate armour "Beboatix" {+Blink rPois rF+
                  | Str-3} (You found it in a treasure trove)
 42830 | D:11     | Identified the +0 pair of boots of the Fife {rElec MP+9}
                  | (You found it in a treasure trove)
 42850 | D:11     | Identified the +6 chain mail "Gugier" {rElec Str+6 Dex-4}
                  | (You found it in a treasure trove)
 42851 | D:11     | Identified the +9 gold dragon scales of Ziyqobaf {rPois rF+
                  | rC+ rCorr Int-4 Slay+5} (You found it in a treasure trove)
 42863 | D:11     | Identified the cursed +0 plate armour "Cesotoko" {*Drain
                  | Regen+ MP+9 Dex+5} (You found it in a treasure trove)
 43557 | Vaults:2 | Reached skill level 5 in Translocations
 43701 | Vaults:2 | Noticed Sojobo
 43706 | Vaults:2 | Gained Wargath as an ally
 43710 | Vaults:2 | Your ally Olfrun died
 43711 | Vaults:2 | Killed Sojobo
 44770 | Vaults:2 | Gained Syrus as an ally
 44771 | Vaults:2 | Gained Boghold as an ally
 44870 | Vaults:2 | Found a hide-covered altar of Uskayaw.
 44872 | Vaults:2 | Found a runed translucent door.
 44872 | Vaults:2 | Noticed Sudaz's ghost (veteran MiGl)
 44889 | Vaults:2 | Killed Sudaz's ghost
 45487 | Vaults:2 | Your ally Marbaugh died
 45495 | Vaults:2 | Reached skill level 10 in Throwing
 46245 | Vaults:3 | Noticed Asterion
 46250 | Vaults:3 | Killed Asterion
 46251 | Vaults:3 | Found Ulub's Gadget Emporium.
 46256 | Vaults:3 | Found Lipt's Armour Emporium.
 46282 | Vaults:3 | Gained Arbeogh as an ally
 46294 | Vaults:3 | Your ally Arbeogh died
 46569 | Vaults:3 | Reached XP level 21. HP: 194/194 MP: 33/33
 46677 | Vaults:3 | Gained Dorog as an ally
 47073 | Vaults:3 | Gained Blodwig as an ally
 47449 | Vaults:3 | Found a staircase to the Crypt.
 47694 | Vaults:3 | Gained Boghold as an ally
 48644 | Vaults:4 | Reached skill level 10 in Hexes
 48664 | Vaults:4 | Found Lade's Antique Weapon Shop.
 49729 | Slime:1  | Entered Level 1 of the Pits of Slime
 49751 | Slime:1  | Gained Bogfrid as an ally
 50526 | Slime:4  | Reached XP level 22. HP: 184/202 MP: 34/34
 50715 | Slime:5  | Entered Level 5 of the Pits of Slime
 50931 | Slime:5  | Noticed the Royal Jelly
 51176 | Slime:5  | Found a viscous altar of Jiyva.
 51492 | Slime:5  | Killed the Royal Jelly
 51497 | Slime:5  | Your ally Beowulf died
 51506 | Slime:5  | Your ally Syrus died
 51513 | Slime:5  | Your ally Bogric died
 51594 | Slime:5  | Identified the cursed +0 pair of gloves "Zufoh" {-Cast
                  | Int+5} (You found it on level 5 of the Pits of Slime)
 51638 | Slime:5  | Identified the +1 morningstar "Kiareaha" {freeze, rElec
                  | Str+3} (You found it on level 5 of the Pits of Slime)
 51661 | Slime:5  | Got a slimy rune of Zot
 51913 | Slime:5  | Your ally Syrus died
 52533 | Vaults:5 | Entered Level 5 of the Vaults
 52553 | Vaults:5 | Noticed an ancient lich
 52558 | Vaults:5 | Reached skill level 15 in Throwing
 52575 | Vaults:4 | Killed an ancient lich
 52602 | Vaults:4 | Reached XP level 23. HP: 148/213 MP: 19/35
 52604 | Vaults:4 | Reached skill level 10 in Dodging
 52773 | Vaults:5 | Gained Boderik as an ally
 52777 | Vaults:5 | Your ally Boderik died
 52869 | Vaults:5 | Your ally Boderik died
 52902 | Vaults:5 | Noticed a golden dragon
 52919 | Vaults:5 | Killed a golden dragon
 53773 | Vaults:5 | Identified the +10 plate armour "Oxufuqin" {rN+ Dex+4
                  | Stlth+} (You found it on level 5 of the Vaults)
 54064 | Vaults:5 | Found Wodothriem's Jewellery Emporium.
 54369 | Vaults:5 | Reached XP level 24. HP: 132/221 MP: 20/37
 54815 | Vaults:5 | Got a silver rune of Zot
 55280 | Vaults:3 | Bought a box of beasts for 340 gold pieces
 55280 | Vaults:3 | Bought a phantom mirror for 510 gold pieces
 55280 | Vaults:3 | Bought a phantom mirror for 510 gold pieces
 55280 | Vaults:3 | Bought a phantom mirror for 510 gold pieces
 55280 | Vaults:3 | Bought a phantom mirror for 510 gold pieces
 55522 | Depths:1 | Entered Level 1 of the Depths
 56152 | Depths:1 | Found Esirphu's Antique Armour Shoppe.
 56158 | Depths:1 | Found a shattered altar of Ashenzari.
 56279 | Depths:1 | Reached skill level 16 in Shields
 56472 | Depths:1 | Found a gateway to Hell.
 57086 | Depths:2 | Gained Bogwik as an ally
 57151 | Depths:2 | Noticed a greater mummy
 57158 | Depths:2 | Killed a greater mummy
 57167 | Depths:2 | Identified the ring of Resumed Hostilities {Fire *Slow MR+
                  | Slay+2} (You found it on level 2 of the Depths)
 57195 | Depths:2 | Reached skill level 17 in Shields
 57255 | Depths:2 | Found Pawiujagh's Distillery.
 57259 | Depths:2 | Bought a potion of mutation for 160 gold pieces
 57259 | Depths:2 | Bought a potion of curing for 60 gold pieces
 57259 | Depths:2 | Bought a potion of heal wounds for 100 gold pieces
 57259 | Depths:2 | Bought a potion of curing for 60 gold pieces
 57259 | Depths:2 | Bought a potion of curing for 60 gold pieces
 57259 | Depths:2 | Bought a potion of agility for 80 gold pieces
 57528 | Depths:2 | Found a one-way gate to the infinite horrors of the Abyss.
 58450 | Depths:3 | Noticed an ancient lich
 58450 | Depths:3 | Noticed Ylojog Gegg's ghost (adept GrMo)
 59320 | Depths:3 | Reached skill level 18 in Shields
 59322 | Depths:3 | Noticed Bai Suzhen
 59332 | Depths:3 | Killed Bai Suzhen
 59517 | Depths:3 | Noticed Saint Roka
 59529 | Depths:3 | Killed Saint Roka
 59651 | Depths:3 | Found Feph's Demolitions Depot.
 59691 | Depths:3 | Found a runed translucent door.
 59699 | Depths:3 | Found a runed translucent door.
 59742 | Depths:3 | Found a huge runed gate.
 59742 | Depths:3 | Found a huge runed gate.
 59743 | Depths:3 | Found a huge runed gate.
 59744 | Depths:3 | Found a huge runed gate.
 59745 | Depths:3 | Found a huge runed gate.
 59745 | Depths:3 | Found a huge runed gate.
 59755 | Depths:3 | Found a huge runed gate.
 59755 | Depths:3 | Found a huge runed gate.
 59758 | Depths:3 | Found a huge runed gate.
 59759 | Depths:3 | Found a huge runed gate.
 59770 | Depths:3 | Found a huge runed gate.
 59778 | Depths:3 | Found a huge runed gate.
 59779 | Depths:3 | Found a huge runed gate.
 59954 | Depths:3 | Noticed a caustic shrike
 59959 | Depths:3 | Identified the ring of Darr {+Inv AC+1 Str-5 Int+4}
 59961 | Depths:3 | Gained Boderik as an ally
 59964 | Depths:3 | Killed a caustic shrike
 60138 | Depths:4 | Found a gateway to a ziggurat.
 60142 | Depths:4 | Reached XP level 25. HP: 228/228 MP: 37/37
 60374 | Depths:4 | Gained Dorog as an ally
 60444 | Depths:4 | Reached skill level 19 in Shields
 60537 | Depths:4 | Your ally Boghold died
 60547 | Depths:4 | Your ally Orik died
 60654 | Depths:4 | Identified the ring of the Oracle {*Drain rPois Int+8} (You
                  | acquired it on level 4 of the Depths)
 61003 | Depths:4 | Your ally Bogwik died
 61030 | Depths:4 | Identified the cursed +1 arbalest of Biseliam {flame, rElec
                  | rC- rN+} (You found it on level 4 of the Depths)
 61033 | Depths:4 | Your ally Orik died
 61200 | Depths:4 | Noticed an ancient lich
 61204 | Depths:4 | Noticed a juggernaut
 61208 | Depths:4 | Killed an ancient lich
 61219 | Depths:4 | Killed a juggernaut
 61219 | Depths:4 | Reached skill level 20 in Shields
 61687 | Depths:5 | Entered Level 5 of the Depths
 61968 | Depths:5 | Found a gate to the Realm of Zot.
 62044 | Depths:5 | Noticed Mennas
 62067 | Depths:5 | Killed Mennas
 62335 | Depths:5 | Reached XP level 26. HP: 235/244 MP: 37/37
 62555 | Depths:5 | Found Pumoej's Weapon Shop.
 63557 | Orc:2    | Bought a scroll of enchant weapon for 97 gold pieces
 63557 | Orc:2    | Bought a scroll of brand weapon for 260 gold pieces
 63557 | Orc:2    | Bought a scroll of teleportation for 39 gold pieces
 64803 | Zot:1    | Entered Level 1 of the Realm of Zot
 64841 | Zot:1    | Reached skill level 1 in Maces & Flails
 65616 | Zot:2    | Reached skill level 5 in Maces & Flails
 65616 | Zot:2    | Reached skill level 21 in Shields
 65773 | Zot:2    | Noticed an orb of fire
 65788 | Zot:2    | Killed an orb of fire
 66460 | Zot:3    | Found a transporter.
 66460 | Zot:3    | Noticed an orb of fire
 66497 | Zot:3    | Noticed an orb of fire
 66510 | Zot:3    | Killed an orb of fire
 66934 | Zot:3    | Reached skill level 10 in Maces & Flails
 67379 | Zot:3    | You fall into a shaft and drop 1 floor!
 67563 | Zot:3    | Found a transporter.
 67805 | Zot:4    | Noticed an orb of fire
 67949 | Zot:4    | Reached XP level 27. HP: 250/254 MP: 37/37
 68112 | Zot:4    | Reached skill level 22 in Shields
 68117 | Zot:4    | Killed an orb of fire
 68540 | Zot:4    | Found Taplewn's Changing Room.
 68816 | Zot:5    | Entered Level 5 of the Realm of Zot
 69464 | Zot:5    | Reached skill level 23 in Shields
 69558 | Zot:5    | Noticed an ancient lich
 69565 | Zot:5    | Killed an ancient lich
 69596 | Zot:5    | Noticed an ancient lich
 69601 | Zot:5    | Killed an ancient lich
 69961 | Zot:5    | Noticed an orb of fire
 69967 | Zot:5    | Gained mutation: Armour fits poorly on your strangely
                  | shaped body. [an orb of fire]
 69972 | Zot:5    | Gained mutation: You are weak. (Str -2) [an orb of fire]
 69974 | Zot:5    | Gained mutation: You are dopey. (Int -2) [an orb of fire]
 69976 | Zot:5    | Killed an orb of fire
 69976 | Zot:5    | Reached skill level 24 in Shields
 69982 | Zot:5    | Noticed an ancient lich
 69986 | Zot:5    | Killed an ancient lich
 69993 | Zot:5    | Noticed an orb of fire
 69995 | Zot:5    | Gained mutation: Scrolls take you a little longer to read.
                  | [an orb of fire]
 70000 | Zot:5    | Killed an orb of fire
 70235 | Zot:5    | Noticed an ancient lich
 70244 | Zot:5    | Noticed an orb of fire
 70245 | Zot:5    | Your ally Boghold died
 70246 | Zot:5    | Noticed an ancient lich
 70255 | Zot:5    | Killed an ancient lich
 70255 | Zot:5    | Reached skill level 25 in Shields
 70259 | Zot:5    | Your ally Ugrim died
 70259 | Zot:5    | Killed an orb of fire
 70261 | Zot:5    | Killed an ancient lich
 70289 | Zot:5    | Noticed an ancient lich
 70292 | Zot:5    | Noticed an ancient lich
 70300 | Zot:5    | Killed an ancient lich
 70302 | Zot:5    | Killed an ancient lich
 70307 | Zot:5    | Your ally Dorog died
 70686 | Zot:5    | Got the Orb of Zot
 71159 | D:15     | Noticed a seraph
 71346 | D:10     | Noticed Rud Igav the pandemonium lord
 71357 | D:10     | Killed Rud Igav the pandemonium lord
 71847 | D:1      | Noticed Tamuesu the pandemonium lord
 71871 | D:$      | Escaped with the Orb!

Levels and vault maps discovered:
D:1:      tarquinn_simple_flora_water_f, layout_loops_ring
D:2:      minmay_inner_zag, layout_loops_ring, lemuel_round_altar,
          okawaru_metal_pillars_3, uniq_natasha
D:3:      layout_basic, elyvilon_altar_4
D:4:      layout_cave_pools, nicolae_overflow_crystal_walls,
          lemuel_coloured_pillars_altar, first_ration,
          biasface_ghost_orc_armoury, kennysheep_small_square
D:5:      layout_rooms, serial_shops, shop
D:6:      layout_basic, gup_sewer_entry_pipe, serial_shops, shop
D:7:      layout_cave_pools, nicolae_gozag_seed_capital,
          minmay_temple_entry_statues_pillars, serial_shops, shop, shop_coins,
          shop, nicolae_shop_behind_doors, uniq_joseph
D:8:      layout_cave_pools, gammafunk_temple_overflow_forgotten,
          hangedman_little_slice_of_home
D:9:      minmay_the_grid_4x2 [minmay_the_grid_doors, minmay_the_grid_spin_star,
          minmay_the_grid_dragon_b, minmay_the_grid_minigrid_medium,
          minmay_the_grid_x, minmay_the_grid_dragon_a,
          minmay_the_grid_minigrid_large,
          minmay_the_grid_prize_shrinking_boxes], layout_rooms,
          grunt_dithmenos_shadows, lemuel_doored_altar, hive_lemuel
D:10:     layout_stronghold, dpeg_oklobed_lair, orc_0_dummy
D:11:     layout_roguey, nicolae_trove_entry_free_sample,
          chequers_serial_rivers_micro_b, lightli_church_of_beogh
D:12:     layout_cave_pools, serial_shops, shop_statue
D:13:     layout_loops_ring, ximxim_vaults_locker_room,
          ebering_ghost_funeral_grove
D:14:     layout_basic, special_room [special_room_mythical_zoo],
          skrybe_limestone_x, uniq_agnes, uniq_azrael
D:15:     grunt_enter_depths_magical_seal, layout_basic, minmay_misc_feat_x
Temple:   nicolae_temple_x_marks_the_god
Lair:1:   layout_cave_shapes
Lair:2:   beast_lair_carwin_large_2, layout_cave_pods,
          minmay_shoals_entry_beasts, spider_nest_entry_rubble, basic_altar,
          eino_house_with_fridge
Lair:3:   layout_loops_ring, nicolae_quartered_pool_super, serial_bayou_shore_b,
          infiniplex_staircase_pool_2, minmay_lair_oklob_chamber,
          grunt_megastairs_5
Lair:4:   layout_cave_pods, enter_volcano_2, grunt_megastairs_2,
          serial_bayou_shore_a
Lair:5:   layout_hall_layers, nicolae_slime_entry_slimehenge
Lair:6:   gammafunk_lair_ancient_temple, layout_regular_city, st_stairs_13
Shoals:1: layout_shoals, ebering_ghost_xom, nicolae_shoals_kraken_intersection
Shoals:2: layout_shoals, centaur_isle
Shoals:3: layout_shoals, nicolae_shoals_dead_sea_scrolls
Shoals:4: shoals_end_hangedman, layout_shoals
Spider:1: layout_spider_delve, uniq_louise
Spider:2: layout_chambers
Spider:3: layout_chambers
Spider:4: grunt_spider_rune_island, uniq_kirke
Slime:1:  layout_caves
Slime:2:  layout_caves
Slime:3:  layout_caves
Slime:4:  layout_caves
Slime:5
Orc:1:    layout_diamond_mine, serial_shops, shop, uniq_erolcha
Orc:2:    pf_orc_diabolical, layout_caves, basic_altar, mines2_david
Elf:1:    layout_onion_city, serial_shops, shop_statue,
          hangedman_elven_crosses_minicolossus, uniq_frances
Elf:2:    layout_rooms, serial_shops, shop,
          portal_ice_cave_entry_ice_statue_one, minmay_misc_feat_cross,
          minivault_24, guppyfry_library_mini
Elf:3:    grunt_elf_hall_spiral, layout_onion_city, uniq_mara
Vaults:1: vaults_room_fours, vaults_dpeg_diagonal, dpeg_vaults_monster_row,
          hangedman_vaults_trim, vaults_mumra_hexcomb, v_misc_16, v_misc_9,
          ontoclasm_vaults_decontamination, ontoclasm_vaults_eye,
          nicolae_vaults_rhombus_5, layout_vaults_omnigrid
Vaults:2: gammafunk_vaults_ghost_grave, vaults_dpeg_hooks,
          vaults_standard_mumra_lines, nicolae_vaults_big_ls,
          grunt_vaults_twisty, st_octagons_1, nicolae_vaults_network_quinsquares
          [nicolae_vaults_network_quincunx_subvault,
          nicolae_vaults_network_quincunx_subvault,
          nicolae_vaults_network_quincunx_subvault,
          nicolae_vaults_network_quincunx_subvault],
          nicolae_vaults_yaktaur_gun_rack, v_alt_pattern_2, grunt_vaults_focal,
          nicolae_vaults_asterisk, vaults_room_grid, ontoclasm_vaults_gateway,
          layout_vaults_chaotic_city, basic_altar, uniq_sojobo
Vaults:3: vaults_room_boxed, v_pattern_4, hangedman_vaults_slice, v_misc_11,
          minmay_crypt_entry_simple_box, vaults_room_large_hall, v_rooms_6,
          hangedman_vaults_impose, ontoclasm_vaults_twist,
          vaults_room_fancy_cross, vaults_room_fours, layout_vaults_omnibox,
          serial_shops, shop_fountains, shop, uniq_asterion
Vaults:4: vaults_mumra_minichess_inversion, grunt_vaults_swirl, v_misc_10,
          nicolae_vaults_network_square, vaults_room_door_ring,
          layout_vaults_omnicross, serial_shops, shop
Vaults:5: serial_shops
Depths:1: layout_basic, hell_entry, hangedman_abyss_or_decor_lesser_grid,
          serial_shops, shop, serial_aquarium, aquarium_bridge_straight
          [aquarium_subvault_bridge, aquarium_subvault_window,
          aquarium_subvault_bridge, aquarium_subvault_wall],
          aquarium_window_corner, aquarium_window_fake, aquarium_view_2d,
          aquarium_view_2b, aquarium_balcony_double_1, aquarium_pool_corner,
          statue_in_the_mist_lemuel, serial_sigils_hangedman_shear,
          grunt_ministairs_10, ashenzari_altar_1
Depths:2: lemuel_minitomb, layout_cave_shapes, serial_shops,
          nicolae_shop_crystal, pf_hell_entry_tar_river, abyss_entry_crystal,
          serial_sigils, serial_sigils_hangedman_gut,
          serial_sigils_hangedman_shear, serial_sigils_hangedman_gnaw,
          serial_sigils_hangedman_quiver, serial_sigils_hangedman_scratch,
          serial_sigils_hangedman_clutch
Depths:3: evilmike_cross, layout_basic, rand_demon_pan_entry_1,
          minmay_door_square, muffindrake_ghost_dual_entry, hell_entry,
          st_stairs_4, nicolae_blasting_shop, not_door_vault_mu,
          kennysheep_small_spiral, kennysheep_inner_square, firewood_loft,
          uniq_bai_suzhen, uniq_saint_roka
Depths:4: hangedman_pleasuredromes, hell_entry, abyss_entry
Depths:5: grunt_zot_entry_gee_three, layout_gridville,
          grunt_hell_entry_demonic_statue, minmay_misc_feat_roman, serial_shops,
          shop, abyss_entry, uniq_mennas
Zot:1:    layout_misc_corridors
Zot:2:    layout_misc_corridors, st_stairs_7
Zot:3:    gammafunk_sealed_arena, layout_cathedral_of_symmetry
Zot:4:    layout_misc_corridors, nicolae_transmutations_shop
Zot:5:    layout_basic, st_stairs_6

Skill      XL: |  1  2  3  4  5  6  7  8  9 10 11 12 13 14 15 16 17 18 19 20 21 22 23 24 25 26 27 |
---------------+----------------------------------------------------------------------------------+-----
Axes           | 3 4 5 6 7 8 9 10 12 13 14 15 16 18 | 18.0
Fighting       | 4 6 8 9 10 12 15 16 18 19 21 22 24 | 24.1
Armour         | 4 5 6 7 10 14 16 17 | 17.0
Shields        | 4 6 9 11 12 15 18 20 21 25 | 25.0
Dodging        | 1 2 3 5 6 8 9 11 | 11.0
Evocations     | 4 6 7 |  7.0
Invocations    | 4 7 9 12 15 16 17 20 21 | 21.0
Hexes          | 2 7 9 10 | 10.0
Charms         | 1 4 6 |  6.0
Translocations | 1 3 5 7 |  7.0
Spellcasting   | 1 |  1.0
Throwing       | 3 11 13 15 16 | 16.0
Maces & Flails | 11 13 | 13.1

Action                   |  1- 3 |  4- 6 |  7- 9 | 10-12 | 13-15 | 16-18 | 19-21 | 22-24 | 25-27 || total
-------------------------+-------+-------+-------+-------+-------+-------+-------+-------+-------++-------
Melee: War axe           |    84 |   210 |    58 |       |       |       |       |       |       ||   352
       Broad axe         |       |       |   185 |   338 |   651 |   807 |  1104 |   802 |   874 ||  4761
       Battleaxe         |       |       |       |    28 |       |       |       |       |       ||    28
       Spear             |       |       |       |       |       |   113 |       |       |       ||   113
       Morningstar       |       |       |       |       |       |       |       |       |    42 ||    42
 Fire: Hunting sling     |       |     5 |       |       |       |       |       |       |       ||     5
Throw: Stone             |       |    68 |   106 |    30 |       |       |       |       |       ||   204
       Boomerang         |       |    10 |    25 |    14 |    12 |       |    11 |    11 |     7 ||    90
       Dart              |       |       |    21 |    10 |     1 |     7 |       |       |       ||    39
       Throwing net      |       |       |       |       |       |     5 |       |       |       ||     5
       Javelin           |       |       |       |       |       |       |    82 |   207 |   239 ||   528
 Cast: Portal Projectile |       |       |       |       |       |       |     1 |       |     2 ||     3
       Regeneration      |       |       |       |       |       |       |       |     2 |       ||     2
Invok: Convert to Beogh  |       |       |     1 |       |       |       |       |       |       ||     1
       Recall Orcish Fol |       |       |       |     6 |    11 |    21 |    22 |    13 |    18 ||    91
       Smiting           |       |       |       |     5 |    36 |    39 |    28 |    18 |    27 ||   153
       Give Item to Name |       |       |       |     1 |     3 |     5 |    10 |     2 |     2 ||    23
       Resurrection      |       |       |       |       |     1 |       |       |     2 |     1 ||     4
       Stop Recall       |       |       |       |       |       |       |       |     2 |       ||     2
Evoke: Wand              |       |       |       |    23 |    43 |     3 |     3 |     2 |    10 ||    84
  Use: Scroll            |       |    13 |    10 |     9 |    11 |    14 |    13 |    18 |    19 ||   107
       Potion            |       |       |     2 |     1 |     1 |     4 |     4 |    13 |    22 ||    47
 Stab: Distracted        |       |       |       |       |     6 |     1 |     6 |     7 |     4 ||    24
       Held in net/web   |       |       |       |       |       |       |     1 |       |       ||     1
       Invisible         |       |       |       |       |       |       |       |    12 |       ||    12
       Fleeing           |       |       |       |       |       |       |       |     2 |       ||     2
  Eat: Chunk             |       |    10 |    11 |    15 |    14 |    14 |    24 |     7 |     3 ||    98
       Ration            |       |       |       |     2 |     4 |     7 |     9 |     7 |    12 ||    41
Armor: Scale mail        |    26 |    20 |       |       |       |       |       |       |       ||    46
       Chain mail        |       |    44 |    87 |    24 |    74 |   251 |    50 |       |       ||   530
       Ring mail         |       |       |       |    74 |    73 |       |       |       |       ||   147
       Acid dragon scale |       |       |       |     2 |     1 |       |       |       |       ||     3
       Plate armour      |       |       |       |       |       |    63 |   138 |       |       ||   201
       Gold dragon scale |       |       |       |       |       |       |   201 |   312 |   309 ||   822
Dodge: Dodged            |    25 |    26 |    36 |    90 |   126 |   214 |   252 |   151 |   147 ||  1067
Block: Shield            |    39 |    87 |   133 |   196 |   386 |   758 |   940 |   362 |       ||  2901
       Large shield      |       |       |       |       |       |       |       |   395 |  1032 ||  1427
       Reflection        |       |       |       |       |       |       |       |    40 |    24 ||    64

Table legend:
 A = Non-vault XP
 B = Vault XP
 C = Vault XP percentage of total XP
 D = Non-vault monster count
 E = Vault monster count
 F = Vault count percentage of total count
                 A         B        C        D         E       F
            +---------+---------+-------+---------+---------+-------
      Total |  728240 |  766635 |  51.3 |    1430 |     951 |  39.9
            +---------+---------+-------+---------+---------+-------
        D:1 |      49 |       0 |   0.0 |      23 |       0 |   0.0
        D:2 |     108 |     105 |  49.3 |      23 |       8 |  25.8
        D:3 |     140 |       0 |   0.0 |      19 |       0 |   0.0
        D:4 |     316 |     197 |  38.4 |      18 |       4 |  18.2
        D:5 |     577 |       0 |   0.0 |      20 |       0 |   0.0
        D:6 |     895 |      25 |   2.7 |      21 |       9 |  30.0
        D:7 |     894 |     445 |  33.2 |      14 |       1 |   6.7
        D:8 |    1828 |     161 |   8.1 |      13 |       8 |  38.1
        D:9 |    1692 |    4843 |  74.1 |      28 |      38 |  57.6
       D:10 |    3366 |     572 |  14.5 |      21 |       1 |   4.5
       D:11 |    3326 |     132 |   3.8 |      27 |       6 |  18.2
       D:12 |    2106 |       0 |   0.0 |      22 |       0 |   0.0
       D:13 |    4259 |    5073 |  54.4 |      24 |      18 |  42.9
       D:14 |   12255 |    8411 |  40.7 |      47 |      32 |  40.5
       D:15 |   16880 |    4600 |  21.4 |      40 |      10 |  20.0
     Lair:1 |    3673 |       0 |   0.0 |      23 |       0 |   0.0
     Lair:2 |    2723 |    2982 |  52.3 |      11 |      22 |  66.7
     Lair:3 |    3939 |    4873 |  55.3 |      24 |      14 |  36.8
     Lair:4 |    4456 |      53 |   1.2 |      21 |       1 |   4.5
     Lair:5 |    8439 |     116 |   1.4 |      41 |       6 |  12.8
     Lair:6 |    4941 |    7740 |  61.0 |      27 |      26 |  49.1
   Shoals:1 |   10435 |    1265 |  10.8 |      27 |       1 |   3.6
   Shoals:2 |    8607 |    1715 |  16.6 |      21 |       6 |  22.2
   Shoals:3 |   11698 |       0 |   0.0 |      26 |       0 |   0.0
   Shoals:4 |   16927 |   16685 |  49.6 |      31 |      31 |  50.0
   Spider:1 |    6600 |    1195 |  15.3 |      21 |       1 |   4.5
   Spider:2 |   18063 |       0 |   0.0 |      59 |       0 |   0.0
   Spider:3 |   14329 |       0 |   0.0 |      41 |       0 |   0.0
   Spider:4 |    8174 |   29760 |  78.5 |      20 |      49 |  71.0
    Slime:1 |    7403 |       0 |   0.0 |      17 |       0 |   0.0
    Slime:2 |   13182 |       0 |   0.0 |      24 |       0 |   0.0
    Slime:3 |    7588 |       0 |   0.0 |      10 |       0 |   0.0
    Slime:4 |   17629 |       0 |   0.0 |      31 |       0 |   0.0
    Slime:5 |   18915 |   28733 |  60.3 |      36 |      14 |  28.0
      Orc:1 |     892 |    1012 |  53.2 |      10 |       1 |   9.1
      Orc:2 |    3000 |    7754 |  72.1 |      13 |      34 |  72.3
      Elf:1 |   13467 |   11087 |  45.2 |      30 |      17 |  36.2
      Elf:2 |   10161 |   20599 |  67.0 |      19 |      37 |  66.1
      Elf:3 |    7426 |   41667 |  84.9 |      17 |      35 |  67.3
   Vaults:1 |   18770 |   12577 |  40.1 |      40 |      24 |  37.5
   Vaults:2 |   17163 |   41751 |  70.9 |      37 |      50 |  57.5
   Vaults:3 |   18923 |   23630 |  55.5 |      39 |      32 |  45.1
   Vaults:4 |   27976 |   30053 |  51.8 |      49 |      29 |  37.2
   Vaults:5 |   38514 |  123541 |  76.2 |      48 |      94 |  66.2
   Depths:1 |   33623 |    4137 |  11.0 |      42 |       6 |  12.5
   Depths:2 |   10760 |   12379 |  53.5 |      18 |      23 |  56.1
   Depths:3 |   24228 |   39407 |  61.9 |      30 |      29 |  49.2
   Depths:4 |    7117 |   97336 |  93.2 |      13 |      91 |  87.5
   Depths:5 |   17619 |   31461 |  64.1 |      20 |      44 |  68.8
      Zot:1 |   25026 |       0 |   0.0 |      12 |       0 |   0.0
      Zot:2 |   35989 |    1018 |   2.8 |      15 |       2 |  11.8
      Zot:3 |   84295 |       0 |   0.0 |      50 |       0 |   0.0
      Zot:4 |   51864 |       0 |   0.0 |      27 |       0 |   0.0
      Zot:5 |   45015 |  138530 |  75.5 |      30 |      43 |  58.9
      Sewer |       0 |     115 | 100.0 |       0 |      13 | 100.0
      IceCv |       0 |    5928 | 100.0 |       0 |      30 | 100.0
    Volcano |       0 |    2972 | 100.0 |       0 |      11 | 100.0
            +---------+---------+-------+---------+---------+-------
